| TOP OF THE 1ST |
|
Tri-City ValleyCats batting - Pitching for Spokane Indians : RHP Alexander Neustroev
|
|
Pitching: RHP Alexander Neustroev
|
|
|
Batting: LHB Lou Toth
|
0-0: Foul Ball, location: 2F 0-1: Called Strike 0-2: Strikes out swinging
|
|
Batting: RHB Chris McGrath
|
0-0: Called Strike 0-1: Ball 1-1: Ball 2-1: Foul Ball, location: 2F 2-2: Fly out, F9 (Line Drive, 9, EV 98.8 MPH)
|
|
Batting: LHB Josh Corkery
|
0-0: Called Strike 0-1: DOUBLE (Groundball, 3L, EV 111.2 MPH)
|
|
Batting: RHB Andrew Pride
|
0-0: Foul Ball, location: 2F 0-1: Ground out 6-3 (Groundball, 6M, EV 85.0 MPH)
|
| Top of the 1st over - 0 runs, 1 hit, 0 errors, 1 left on base; Tri-City 0 - Spokane 0 |
| BOTTOM OF THE 1ST |
|
Spokane Indians batting - Pitching for Tri-City ValleyCats : RHP Jayson Campbell
|
|
Pitching: RHP Jayson Campbell
|
|
|
Batting: LHB Paul Perry
|
0-0: Foul Ball, location: 2F 0-1: Called Strike 0-2: Foul Ball, location: 2F 0-2: Ball 1-2: Strikes out swinging
|
|
Batting: LHB Jesus Romero
|
0-0: Foul Ball, location: 2F 0-1: Ball 1-1: Ground out 4-3 (Groundball, 34D, EV 87.5 MPH)
|
|
Batting: RHB Casey Nelligan
|
0-0: Ball 1-0: Called Strike 1-1: Called Strike 1-2: Foul Ball, location: 2F 1-2: DOUBLE (Line Drive, 7LM, EV 109.4 MPH)
|
|
Batting: LHB Gabriel Graves
|
0-0: Ball 1-0: Called Strike 1-1: Foul Ball, location: 2F 1-2: Hit by Pitch
|
|
Batting: RHB Luke Stark
|
0-0: Ball 1-0: Ball 2-0: Called Strike 2-1: Ball 3-1: Base on Balls Casey Nelligan to third Gabriel Graves to second
|
|
Batting: RHB Liu-liang Lei
|
0-0: Ball 1-0: Ball 2-0: Ball Wild Pitch! Casey Nelligan scores Gabriel Graves to third Luke Stark to second 3-0: Base on Balls
|
|
Batting: SHB Kaname Fujimoto
|
0-0: Called Strike 0-1: Ball 1-1: Foul Ball, location: 2F 1-2: Fly out, F7 (Flyball, 7D, EV 95.6 MPH)
|
| Bottom of the 1st over - 1 run, 1 hit, 0 errors, 3 left on base; Tri-City 0 - Spokane 1 |
| TOP OF THE 2ND |
|
Tri-City ValleyCats batting - Pitching for Spokane Indians : RHP Alexander Neustroev
|
|
Batting: SHB Chris Keziah
|
0-0: Ball 1-0: Ball 2-0: SOLO HOME RUN (Flyball, 7D, EV 100.0 MPH), Distance : 371 ft
|
|
Batting: LHB Jackson Trottier
|
0-0: Ball 1-0: Called Strike 1-1: Ball 2-1: Foul Ball, location: 2F 2-2: Strikes out swinging
|
|
Batting: RHB Drew Coleman
|
0-0: Swinging Strike 0-1: Ground out 6-3 (Groundball, 6, EV 107.5 MPH)
|
|
Batting: RHB To-wai Chen
|
0-0: Swinging Strike 0-1: Swinging Strike 0-2: Foul Ball, location: 2F 0-2: Ball 1-2: Ball 2-2: Foul Ball, location: 2F 2-2: Ball 3-2: Strikes out looking
|
| Top of the 2nd over - 1 run, 1 hit, 0 errors, 0 left on base; Tri-City 1 - Spokane 1 |
| BOTTOM OF THE 2ND |
|
Spokane Indians batting - Pitching for Tri-City ValleyCats : RHP Jayson Campbell
|
|
Batting: LHB Mike Sammons
|
0-0: Foul Ball, location: 2F 0-1: Ball 1-1: Ball 2-1: Foul Ball, location: 2F 2-2: Ball 3-2: Ground out 4-3 (Groundball, 34, EV 96.9 MPH)
|
|
Batting: LHB Casper Kersten
|
0-0: Foul Ball, location: 2F 0-1: Ball 1-1: Foul Ball, location: 2F 1-2: SINGLE (Groundball, 4MD, EV 96.2 MPH)
|
|
Batting: LHB Paul Perry
|
0-0: Ball 1-0: Ball 2-0: Ball 3-0: Called Strike 3-1: Base on Balls Casper Kersten to second
|
|
Batting: LHB Jesus Romero
|
0-0: Foul Ball, location: 2F 0-1: Foul Ball, location: 2F 0-2: Reached on error, E1 (Groundball, 13S, EV 65.6 MPH) Casper Kersten to third Paul Perry to second
|
|
Batting: RHB Casey Nelligan
|
0-0: Ball 1-0: Hit by Pitch Casper Kersten scores Paul Perry to third Jesus Romero to second
|
|
Batting: LHB Gabriel Graves
|
0-0: Called Strike 0-1: Ball 1-1: Swinging Strike 1-2: Strikes out swinging
|
|
Batting: RHB Luke Stark
|
0-0: Called Strike 0-1: Ball 1-1: Foul Ball, location: 2F 1-2: Ball 2-2: Ball 3-2: Foul Ball, location: 2F 3-2: Foul Ball, location: 2F 3-2: Base on Balls Paul Perry scores Jesus Romero to third Casey Nelligan to second
|
|
Batting: RHB Liu-liang Lei
|
0-0: Called Strike 0-1: Ball 1-1: Foul Ball, location: 2F 1-2: SINGLE (Groundball, 56D, EV 99.4 MPH) Jesus Romero scores Casey Nelligan to third Luke Stark to second
|
|
Batting: SHB Kaname Fujimoto
|
0-0: Ball 1-0: Called Strike 1-1: Foul Ball, location: 2F 1-2: Ball 2-2: Ball 3-2: Strikes out looking
|
| Bottom of the 2nd over - 3 runs, 2 hits, 1 error, 3 left on base; Tri-City 1 - Spokane 4 |
| TOP OF THE 3RD |
|
Tri-City ValleyCats batting - Pitching for Spokane Indians : RHP Alexander Neustroev
|
|
Batting: RHB Ruben Pujols
|
0-0: Ball 1-0: Foul Ball, location: 2F 1-1: Foul Ball, location: 2F 1-2: Strikes out swinging
|
|
Batting: LHB Lou Toth
|
0-0: Ball 1-0: Called Strike 1-1: Ball 2-1: Ground out 6-3 (Groundball, 6, EV 83.1 MPH)
|
|
Batting: RHB Chris McGrath
|
0-0: Foul Ball, location: 2F 0-1: Ball 1-1: Ball 2-1: Foul Ball, location: 2F 2-2: Foul Ball, location: 2F 2-2: Strikes out swinging
|
| Top of the 3rd over - 0 runs, 0 hits, 0 errors, 0 left on base; Tri-City 1 - Spokane 4 |
| BOTTOM OF THE 3RD |
|
Spokane Indians batting - Pitching for Tri-City ValleyCats : RHP Jayson Campbell
|
|
Batting: LHB Mike Sammons
|
0-0: Ball 1-0: Called Strike 1-1: Ground out 6-3 (Groundball, 6, EV 97.5 MPH)
|
|
Batting: LHB Casper Kersten
|
0-0: Swinging Strike 0-1: Foul Ball, location: 2F 0-2: Strikes out swinging
|
|
Batting: LHB Paul Perry
|
0-0: DOUBLE (Groundball, 5L, EV 106.2 MPH)
|
|
Batting: LHB Jesus Romero
|
0-0: Ball 1-0: Called Strike 1-1: Ball 2-1: Ball 3-1: Base on Balls
|
|
Batting: RHB Casey Nelligan
|
0-0: Called Strike 0-1: Foul Ball, location: 2F 0-2: Fly out, F9 (Flyball, 9LM, EV 88.1 MPH)
|
| Bottom of the 3rd over - 0 runs, 1 hit, 0 errors, 2 left on base; Tri-City 1 - Spokane 4 |
| TOP OF THE 4TH |
|
Tri-City ValleyCats batting - Pitching for Spokane Indians : RHP Alexander Neustroev
|
|
Batting: LHB Josh Corkery
|
0-0: Ball 1-0: Foul Ball, location: 2F 1-1: Foul Ball, location: 2F 1-2: Ground out U3 (Groundball, 34S, EV 81.2 MPH)
|
|
Batting: RHB Andrew Pride
|
0-0: Ball 1-0: Called Strike 1-1: Fly out, F4 (Popup, 4, EV 63.8 MPH)
|
|
Batting: SHB Chris Keziah
|
0-0: Ball 1-0: Ball 2-0: Called Strike 2-1: Ground out 4-3 (Groundball, 4D, EV 85.6 MPH)
|
| Top of the 4th over - 0 runs, 0 hits, 0 errors, 0 left on base; Tri-City 1 - Spokane 4 |
| BOTTOM OF THE 4TH |
|
Spokane Indians batting - Pitching for Tri-City ValleyCats : RHP Jayson Campbell
|
|
Batting: LHB Gabriel Graves
|
0-0: Ball 1-0: SINGLE (Groundball, 4D, EV 96.2 MPH)
|
|
Batting: RHB Luke Stark
|
0-0: Called Strike 0-1: Ball 1-1: Foul Ball, location: 2F 1-2: Ball 2-2: Strikes out looking
|
|
Batting: RHB Liu-liang Lei
|
0-0: Ball 1-0: Ball 2-0: Fly out, F9 (Flyball, 89S, EV 88.8 MPH)
|
|
Batting: SHB Kaname Fujimoto
|
0-0: Called Strike 0-1: Ball 1-1: Called Strike 1-2: SINGLE (Groundball, 4D, EV 96.2 MPH) Gabriel Graves to second Runner from 2nd tries for 3rd, SAFE, throw by CF made to third
|
|
Pitching: LHP Ruben Rojas
|
|
|
Batting: LHB Mike Sammons
|
0-0: DOUBLE (Line Drive, 78M, EV 100.6 MPH) Gabriel Graves scores Kaname Fujimoto to third Runner from 3rd tries for Home, SAFE, throw by CF to home
|
|
Batting: LHB Casper Kersten
|
0-0: Foul Ball, location: 2F 0-1: Ball 1-1: Foul Ball, location: 2F 1-2: Foul Ball, location: 2F 1-2: Strikes out swinging
|
| Bottom of the 4th over - 2 runs, 3 hits, 0 errors, 1 left on base; Tri-City 1 - Spokane 6 |
| TOP OF THE 5TH |
|
Tri-City ValleyCats batting - Pitching for Spokane Indians : RHP Alexander Neustroev
|
|
Batting: LHB Jackson Trottier
|
0-0: Ground out 4-3 (Groundball, 4, EV 100.0 MPH)
|
|
Batting: RHB Drew Coleman
|
0-0: Ball 1-0: Ball 2-0: Ball 3-0: Called Strike 3-1: Called Strike 3-2: Strikes out swinging
|
|
Batting: RHB To-wai Chen
|
0-0: Called Strike 0-1: Ball 1-1: Foul Ball, location: 2F 1-2: Foul Ball, location: 2F 1-2: Strikes out swinging
|
| Top of the 5th over - 0 runs, 0 hits, 0 errors, 0 left on base; Tri-City 1 - Spokane 6 |
| BOTTOM OF THE 5TH |
|
Spokane Indians batting - Pitching for Tri-City ValleyCats : LHP Ruben Rojas
|
|
Batting: LHB Paul Perry
|
0-0: Ball 1-0: Ball 2-0: Fly out, F8 (Line Drive, 89D, EV 84.4 MPH)
|
|
Batting: LHB Jesus Romero
|
0-0: Ball 1-0: Ball 2-0: Ball 3-0: Base on Balls
|
|
Batting: RHB Casey Nelligan
|
0-0: Called Strike 0-1: Ball 1-1: Called Strike Jesus Romero is caught stealing 2nd base 2-4 1-2: Ball 2-2: Strikes out swinging
|
| Bottom of the 5th over - 0 runs, 0 hits, 0 errors, 0 left on base; Tri-City 1 - Spokane 6 |
| TOP OF THE 6TH |
|
Tri-City ValleyCats batting - Pitching for Spokane Indians : RHP Alexander Neustroev
|
|
Batting: RHB Ruben Pujols
|
0-0: Ball 1-0: Ball 2-0: Ball 3-0: Called Strike 3-1: SINGLE (Groundball, 4MD, EV 95.0 MPH)
|
|
Batting: LHB Lou Toth
|
0-0: Ball 1-0: Called Strike 1-1: Foul Ball, location: 2F 1-2: Ball Wild Pitch! Ruben Pujols to second 2-2: Strikes out swinging
|
|
Batting: RHB Chris McGrath
|
0-0: Ball 1-0: Ball 2-0: Ball 3-0: Ground out 5-3 (Groundball, 56, EV 78.8 MPH)
|
|
Batting: LHB Josh Corkery
|
0-0: Called Strike 0-1: Ball 1-1: Foul Ball, location: 2F 1-2: Strikes out looking
|
| Top of the 6th over - 0 runs, 1 hit, 0 errors, 1 left on base; Tri-City 1 - Spokane 6 |
| BOTTOM OF THE 6TH |
|
Spokane Indians batting - Pitching for Tri-City ValleyCats : LHP Ruben Rojas
|
|
Pinch Hitting: RHB Josh Whitmore
|
0-0: Called Strike 0-1: Ball 1-1: Swinging Strike 1-2: Strikes out swinging
|
|
Batting: RHB Luke Stark
|
0-0: Foul Ball, location: 2F 0-1: Called Strike 0-2: Foul Ball, location: 2F 0-2: Ball 1-2: Foul Ball, location: 2F 1-2: Ground out 4-3 (Groundball, 34D, EV 84.4 MPH)
|
|
Pitching: RHP Arsène Serre
|
|
|
Batting: RHB Liu-liang Lei
|
0-0: Foul Ball, location: 2F 0-1: Ball 1-1: Foul Ball, location: 2F 1-2: Fly out, F8 (Flyball, 8RXD, EV 91.9 MPH)
|
| Bottom of the 6th over - 0 runs, 0 hits, 0 errors, 0 left on base; Tri-City 1 - Spokane 6 |
| TOP OF THE 7TH |
|
Tri-City ValleyCats batting - Pitching for Spokane Indians : RHP Alexander Neustroev
|
|
Pitching: RHP Edgar Saldivar
|
|
|
Now at 2B: Josh Whitmore
|
|
|
Now at SS: Luke Stark
|
|
|
Batting: RHB Andrew Pride
|
0-0: Ball 1-0: Ball 2-0: Called Strike 2-1: Swinging Strike 2-2: Foul Ball, location: 2F 2-2: Foul Ball, location: 2F 2-2: Foul Ball, location: 2F 2-2: Hit by Pitch
|
|
Batting: SHB Chris Keziah
|
0-0: Called Strike 0-1: Foul Ball, location: 2F 0-2: Foul Ball, location: 2F 0-2: Ball 1-2: Foul Ball, location: 2F 1-2: Ball 2-2: Grounds into double play, 4-6-3 (Groundball, 34S, EV 86.2 MPH)
|
|
Batting: LHB Jackson Trottier
|
0-0: Called Strike 0-1: Ball 1-1: Foul Ball, location: 2F 1-2: Ground out 4-3 (Groundball, 4, EV 83.1 MPH)
|
| Top of the 7th over - 0 runs, 0 hits, 0 errors, 0 left on base; Tri-City 1 - Spokane 6 |
| BOTTOM OF THE 7TH |
|
Spokane Indians batting - Pitching for Tri-City ValleyCats : RHP Arsène Serre
|
|
Batting: SHB Kaname Fujimoto
|
0-0: Ball 1-0: Ball 2-0: Foul Ball, location: 2F 2-1: Ball 3-1: Fly out, F7 (Flyball, 7LM, EV 82.5 MPH)
|
|
Batting: LHB Mike Sammons
|
0-0: Ball 1-0: Called Strike 1-1: Foul Ball, location: 2F 1-2: Strikes out swinging
|
|
Batting: LHB Casper Kersten
|
0-0: Called Strike 0-1: Ball 1-1: Swinging Strike 1-2: Foul Ball, location: 2F 1-2: Strikes out swinging
|
| Bottom of the 7th over - 0 runs, 0 hits, 0 errors, 0 left on base; Tri-City 1 - Spokane 6 |
| TOP OF THE 8TH |
|
Tri-City ValleyCats batting - Pitching for Spokane Indians : RHP Edgar Saldivar
|
|
Batting: RHB Drew Coleman
|
0-0: Ball 1-0: Ball 2-0: Called Strike 2-1: Ball 3-1: Ground out U3 (Groundball, 34, EV 91.2 MPH)
|
|
Batting: RHB To-wai Chen
|
0-0: Called Strike 0-1: Ball 1-1: Ball 2-1: Swinging Strike 2-2: Ground out 5-3 (Groundball, 5L, EV 86.9 MPH)
|
|
Batting: RHB Ruben Pujols
|
0-0: Foul Ball, location: 2F 0-1: Swinging Strike 0-2: Strikes out swinging
|
| Top of the 8th over - 0 runs, 0 hits, 0 errors, 0 left on base; Tri-City 1 - Spokane 6 |
| BOTTOM OF THE 8TH |
|
Spokane Indians batting - Pitching for Tri-City ValleyCats : RHP Arsène Serre
|
|
Pitching: RHP Chris Miles
|
|
|
Batting: LHB Paul Perry
|
0-0: Called Strike 0-1: Swinging Strike 0-2: Ball 1-2: SINGLE (Groundball, 6S, EV 73.1 MPH) (infield hit)
|
|
Batting: LHB Jesus Romero
|
0-0: Ball Wild Pitch! Paul Perry to second 1-0: Ball 2-0: Ball 3-0: Called Strike 3-1: Swinging Strike 3-2: Foul Ball, location: 2F 3-2: Strikes out looking
|
|
Batting: RHB Casey Nelligan
|
0-0: Ball 1-0: Called Strike 1-1: Ball 2-1: Ball Paul Perry steals 3rd base 3-1: Called Strike 3-2: Base on Balls
|
|
Batting: RHB Josh Whitmore
|
0-0: Called Strike 0-1: Fly out, F3 (Popup, 3, EV 66.2 MPH)
|
|
Pitching: RHP Calisto Morda
|
|
|
Batting: RHB Luke Stark
|
0-0: Ball 1-0: Swinging Strike 1-1: Ball 2-1: Ball 3-1: Foul Ball, location: 2F 3-2: Foul Ball, location: 2F 3-2: DOUBLE (Line Drive, 8LXD, EV 113.8 MPH) Paul Perry scores Casey Nelligan to third Casey Nelligan scores
|
|
Batting: RHB Liu-liang Lei
|
0-0: Ground out U3 (Groundball, 34, EV 84.4 MPH)
|
| Bottom of the 8th over - 2 runs, 2 hits, 0 errors, 1 left on base; Tri-City 1 - Spokane 8 |
| TOP OF THE 9TH |
|
Tri-City ValleyCats batting - Pitching for Spokane Indians : RHP Edgar Saldivar
|
|
Pinch Hitting: RHB Chris Miller
|
0-0: Ball 1-0: Ball 2-0: Called Strike 2-1: Foul Ball, location: 2F 2-2: Strikes out swinging
|
|
Batting: RHB Chris McGrath
|
0-0: Ball 1-0: Called Strike 1-1: Called Strike 1-2: Ball 2-2: Strikes out swinging
|
|
Pinch Hitting: RHB Guo-ning Chen
|
0-0: Ball 1-0: Called Strike 1-1: Ball 2-1: Called Strike 2-2: Strikes out swinging
|
| Top of the 9th over - 0 runs, 0 hits, 0 errors, 0 left on base; Tri-City 1 - Spokane 8 |
|